 Dungeon Crawl Stone Soup version 0.18.1-8-gdd0e5ea (webtiles) character file.

63 BoredAlt the Chopper (level 4, -1/39 HPs)
             Began as a Hill Orc Fighter on June 8, 2016.
             Slain by an iguana (7 damage)
             ... on level 4 of the Dungeon.
             The game lasted 00:09:50 (2421 turns).

BoredAlt the Chopper (Hill Orc Fighter)             Turns: 2421, Time: 00:09:51

Health: -1/39      AC:  8    Str: 23    XL:     4   Next: 9%
Magic:  4/4        EV:  7    Int:  9    God:
Gold:   137        SH:  9    Dex: 10    Spells: 0 memorised, 3 levels left

rFire  . . .     SeeInvis .     a - +0 war axe
rCold  . . .     Gourm    .     s - +0 scale mail (curse)
rNeg   . . .     Faith    .     c - +0 shield
rPois  .         Spirit   .     (no helmet)
rElec  .         Dismiss  .     q - +0 cloak
rCorr  .         Reflect  .     (no gloves)
SustAt .         Harm     .     (no boots)
MR     .....                    (no amulet)
Stlth  ..........               (no ring)
                                (no ring)

@: mighty, not resistant to hostile enchantments, extremely unstealthy
A: no striking features
a: no special abilities


You were on level 4 of the Dungeon.
You were not hungry.

You visited 1 branch of the dungeon, and saw 4 of its levels.

You collected 137 gold pieces.

Inventory:

Hand Weapons
 a - a +0 war axe (weapon)
Missiles
 e - 143 stones (quivered)
Armour
 b - a +0 scale mail
 c - a +0 shield (worn)
 q - a +0 cloak (worn)
 s - a cursed +0 scale mail (worn)
Jewellery
 n - an uncursed ring of fire
 w - an uncursed ring of fire
Scrolls
 i - a scroll of blinking
 j - 3 scrolls of remove curse
 k - a scroll of teleportation {unknown}
 o - a scroll of identify {unknown}
 r - 2 scrolls of enchant weapon {unknown}
Potions
 d - 4 potions of might
 h - a potion of lignification {unknown}
 m - 2 potions of mutation {unknown}
 t - a potion of ambrosia {unknown}
 u - a potion of flight {unknown}
Comestibles
 f - 4 bread rations
 g - 5 meat rations
 l - a royal jelly
 p - a beef jerky
 v - 2 fruits


   Skills:
 - Level 3.6 Fighting
 * Level 5.0 Axes
 + Level 3.9 Armour
 - Level 3.2 Shields


You had 3 spell levels left.
You didn't know any spells.

Dungeon Overview and Level Annotations

Branches:
Dungeon (4/15)
 Temple: D:4-7

Altars:
Makhleb

Annotations:
D:3 Sigmund


Message History

Your shield prevents you from hitting the iguana.
The iguana bites you.
You slash the iguana!
The iguana is heavily wounded.
You block the iguana's attack.
You hit the iguana.
The iguana is severely wounded.
The iguana bites you!
* * * LOW HITPOINT WARNING * * *
You block the iguana's attack.
Drink which item? (? for menu, Esc to quit)
You feel very mighty all of a sudden. You block the iguana's attack.
You closely miss the iguana.
The iguana is severely wounded.
The iguana barely misses you.
You hit the iguana.
The iguana is almost dead.
The iguana bites you!
You die...

# #. # #. .###
#.####...#
#####......#.###
...............>
#..!.#... .. #
#l#.....##.(
#.##@#..#.....
#.......#.....
.#.##.......#
...##.#.##..#
#.............#
#...#^........#
# #####.#####
#.# #.#


You could see an iguana.

Vanquished Creatures
  2 adders (D:2)
  A giant gecko (D:1)
  3 orcs (D:4)
  3 giant cockroaches
  3 goblins (D:2)
  7 hobgoblins
  6 bats
  3 giant newts
  6 kobolds
  4 rats
38 creatures vanquished.

Notes
Turn   | Place    | Note
--------------------------------------------------------------
     0 | D:1      | BoredAlt the Hill Orc Fighter began the quest for the Orb.
     0 | D:1      | Reached XP level 1. HP: 19/19 MP: 1/1
    83 | D:1      | Reached skill level 3 in Axes
   252 | D:1      | Reached XP level 2. HP: 21/26 MP: 2/2
   799 | D:2      | Reached skill level 4 in Axes
   799 | D:2      | Reached XP level 3. HP: 12/31 MP: 3/3
  1384 | D:2      | Found a burning altar of Makhleb.
  1386 | D:2      | Noticed an Executioner
  1751 | D:2      | Found a faded altar to an unknown god.
  2078 | D:3      | Noticed Sigmund
  2247 | D:4      | Reached XP level 4. HP: 39/39 MP: 4/4
  2259 | D:4      | Reached skill level 5 in Axes
  2421 | D:4      | Slain by an iguana

Skill      XL: |  1  2  3  4 |
---------------+-------------+-----
Axes           | 3 4 5 |  5.0
Fighting       | |  3.6
Armour         | |  3.9
Shields        | |  3.2

Action                   |  1- 3 |  4- 6 || total
-------------------------+-------+-------++-------
Melee: War axe           |   134 |    20 ||   154
  Use: Scroll            |     2 |       ||     2
       Potion            |       |     1 ||     1
  Eat: Chunk             |     4 |     1 ||     5
Armor: Scale mail        |    56 |     3 ||    59
Dodge: Dodged            |    42 |     5 ||    47
Block: Shield            |    73 |     8 ||    81
